 Dungeon Crawl Stone Soup version 0.29.1-15-g9cfb28693d (console) character file.

Game seed: 6950229123176309958

2 sentinel the Digger (level 1, 1/14 HPs)
             Began as a Meteoran Earth Elementalist on Sept 10, 2023.
             Quit the game on level 1 of the Dungeon.
             The game lasted 00:00:08 (66 turns).

sentinel the Digger (Meteoran Earth Elementalist)     Turns: 66, Time: 00:00:09

Health: 1/14       AC:  2    Str:  9    XL:     1   Next: 42%
Magic:  4/5        EV: 12    Int: 16    God:
Gold:   0          SH:  0    Dex: 14    Spells: 4/5 levels left

rFire   . . .      SeeInvis .   (no weapon)
rCold   . . .      Faith    .   (no shield)
rNeg    . . .      Spirit   .   a - +0 robe
rPois   .          Reflect  .   (no helmet)
rElec   .          Harm     .   (no cloak)
rCorr   .          Rampage  .   (no gloves)
Will    .....                   (no boots)
Stlth   +.........              (no amulet)
HPRegen 0.04/turn               (no ring)
MPRegen 0.09/turn               (no ring)

@: glowing, very slow
A: sense surroundings 1, otherworldly, glowing, explore regen
a: no special abilities


You were on level 1 of the Dungeon.
You visited 1 branch of the dungeon, and saw 1 of its levels.

Inventory:

Missiles
 d - 4 javelins
Armour
 a - a +0 robe (worn)
Jewellery
 k - a ring of resist corrosion
Potions
 b - a potion of magic


   Skills:
 - Level 2.4 Dodging
 - Level 1.4 Stealth
 - Level 2.6 Spellcasting
 - Level 1.2 Transmutations
 + Level 3.8 Earth Magic


You had 4 spell levels left.
You knew the following spells:

 Your Spells              Type           Power      Damage    Failure   Level
a - Sandblast             Erth           28%        2d8       4%          1

Your spell library contained the following spells:

 Spells                   Type           Power      Damage    Failure   Level
 Passwall                 Tmut/Erth      8%         N/A       11%         2
 Stone Arrow              Conj/Erth      16%        3d8       26%         3
 Petrify                  Tmut/Erth      10%        N/A       56%         4


Dungeon Overview and Level Annotations

Branches:
Dungeon (1/15) Zot: 532

Altars:


Innate Abilities, Weirdness & Mutations

You passively map a small area around you.
You are easily found by Zot.
You glow in the dark.
You regain HP and MP as you explore.


Message History

You can't see any susceptible monsters within range! (Use Z to cast anyway.) Unknown command.
c - a scroll labelled BAUZXU JIXATUA Unknown command.
Magic restored.
d - 4 javelins
k - a ring of resist corrosion Unknown command.
Found a short sword and 7 stones.
Unknown command.
Found a helmet.
Unknown command.
You enter the shallow water.
Moving in this stuff is going to be slow.
A sourceless malevolence fills the Dungeon... and a teleportation trap spontaneously manifests!
You are yanked towards some nearby monsters!
Your surroundings suddenly seem different.
Splash!
You fall into the shallow water.
Moving in this stuff is going to be slow.
A hobgoblin, a rat, an endoplasm, a frilled lizard and 2 bats come into view.
Found a scroll labelled KOKHYI MIYNWU.
The hobgoblin shouts!
The endoplasm quivers.
The frilled lizard hisses angrily.
You hear a shout!
The bat closely misses you.
You hit the endoplasm but do no damage. The bat hits you but does no damage.
The bat misses you. The bat hits you but does no damage. x2
The hobgoblin closely misses you.
You hit the endoplasm.
The endoplasm is lightly wounded.
The bat closely misses you. The bat hits you but does no damage.
The endoplasm freezes you.
You are frozen.
The hobgoblin barely misses you.
The blast of sand hits the endoplasm!
You kill the endoplasm!
The bat misses you.
The bat closely misses you. x2; The bat hits you.
The frilled lizard bites you. The hobgoblin hits you.
Unknown command.
You are too injured to fight recklessly!
Unknown command.
You are too injured to fight recklessly!
Unknown command.
You are too injured to fight recklessly!
Unknown command.
You are too injured to fight recklessly!
You are too injured to fight recklessly!
You are too injured to fight recklessly!
Unknown command.
You are too injured to fight recklessly!
Unknown command.
You are too injured to fight recklessly!
Unknown command.
You are too injured to fight recklessly!
Unknown command.
You are too injured to fight recklessly!
You are too injured to fight recklessly!
You are too injured to fight recklessly!
Unknown command.
You are too injured to fight recklessly!
Unknown command.
You are too injured to fight recklessly!
Unknown command.
You are too injured to fight recklessly!
Unknown command.
But you're not safe!
Unknown command.
But you're not safe!
Unknown command.
But you're not safe!
Unknown command.
But you're not safe!
Unknown command.
But you're not safe!
Unknown command.
You are too injured to fight recklessly!
You are too injured to fight recklessly!
You are too injured to fight recklessly!
Unknown command.
You are too injured to fight recklessly!
Unknown command.
You are too injured to fight recklessly!
Unknown command.
You are too injured to fight recklessly!
Unknown command.
You are too injured to fight recklessly!
You are too injured to fight recklessly!
You are too injured to fight recklessly!
Unknown command.
You are too injured to fight recklessly!
Unknown command.
You are too injured to fight recklessly!
Unknown command.
You are too injured to fight recklessly!
Unknown command.
You are too injured to fight recklessly!
You are too injured to fight recklessly!
You are too injured to fight recklessly!
Unknown command.
You are too injured to fight recklessly!
Unknown command.
You are too injured to fight recklessly!
Unknown command.
You are too injured to fight recklessly!
Unknown command.
But you're not safe!
Unknown command.
But you're not safe!
Unknown command.
But you're not safe!
Unknown command.
But you're not safe!
Unknown command.
But you're not safe!
Unknown command.
Unknown command.
As you read the scroll labelled BAUZXU JIXATUA, it crumbles to dust.
The scroll dissolves into smoke.
It was a scroll of fog.
The bat hits you. The bat barely misses you. The bat hits you.
The frilled lizard barely misses you.
A goblin comes into view. It is wielding a +0 club.
The hobgoblin hits you.
* * * LOW HITPOINT WARNING * * *
HP warning!
Unknown command.
There are monsters nearby!
Unknown command.
You aren't carrying any scrolls.
Unknown command.
Unknown command.
There are monsters nearby!
Unknown command.
You aren't carrying any scrolls.
Unknown command.
Unknown command.
There are monsters nearby!
Unknown command.
You aren't carrying any scrolls.
Unknown command.
Unknown command.
There are monsters nearby!
Unknown command.
You aren't carrying any scrolls.
Unknown command.
Unknown command.
There are monsters nearby!
Unknown command.
Unknown command.
Unknown command.
Are you sure you want to abandon this character and quit the game? (Confirm with "yes".)

*,* , .....##..#
,, ....PP.... ,,
##..♣.~.P.. * ,,
..~~~~.~.. ,
.#####P~~~~~~♣.
*........b≈≈~P..
......§§br~.~..*
,
.?...§P@§§~~~.#
.....§lg§§~P~♣#
, *
.######§.♣~~~.#
, , ♣~~~ ~..# *,
, #P~~~ .##
g..... # ,
,#.#.### ,,, * *
#.#.# , *


You could see a hobgoblin, 2 bats, a frilled lizard and a rat.

Vanquished Creatures
  An endoplasm (D:1)
  A rat (D:1)
2 creatures vanquished.

Notes
Turn   | Place    | Note
-------+----------+-------------------------------------------
     0 | D:1      | sentinel the Meteoran Earth Elementalist began the quest
                  | for the Orb.
     0 | D:1      | Reached XP level 1. HP: 14/14 MP: 5/5
    66 | D:1      | Quit the game

Illustrated notes

Levels and vault maps discovered:
D:1:      moated_graveyard_arrival, layout_basic,
          hellmonk_ecumenical_altar_blasted, serial_bayou, serial_bayou_pond_d,
          serial_bayou_pond_b, serial_bayou_pond_d, serial_bayou_pond_d

Action                   || total
-------------------------++-------
Melee: Unarmed           ||     2
 Cast: Sandblast         ||     2
  Use: Scroll            ||     1
Armor: Robe              ||     4
Dodge: Dodged            ||    10
